 Dungeon Crawl Stone Soup version 0.31.0-9-g3a7656b989 (webtiles) character file.

Game seed: 8673536860024256577

1296 EnegeticOcto the Ruffian (level 8, -4/79 HPs)
             Began as a Troll Fighter on Jan 31, 2024.
             Was a Follower of Trog.
             Slain by a killer bee (6 damage)
             ... on level 6 of the Dungeon.
             The game lasted 00:04:26 (4155 turns).

EnegeticOcto the Ruffian (Troll Fighter)            Turns: 4155, Time: 00:04:27

Health: -4/79      AC:  4    Str: 26    XL:     8   Next: 31%
Magic:  7/7        EV:  9    Int:  8    God:    Trog [*.....]
Gold:   274        SH:  0    Dex:  8    Spells: 7/7 levels left

rFire   . .          .
                       - Unarmed
rCold   . . .        b - +2 kite shield
rNeg    . . .        a - +0 robe
rPois   .            (helmet currently unavailable)
rElec   .            (cloak currently unavailable)
rCorr   +            (gloves unavailable)
SInv    +            (boots unavailable)
Will    .....        g - amulet of faith
Stlth   +            d - ring of see invisible
HPRegen 1.13/turn    m - ring of resist corrosion
MPRegen 0.10/turn

%: faith
@: confused, lethally poisoned (-4 -> -12), beast-form, ambrosia-drunk
A: beast (slay +0), large, unfitting armour, claws 3, regeneration 1, shaggy fur
1, tough skin 1, clever 1, inability to drink after injury 1
a: Begin Untransformation, Renounce Religion, Berserk


You were on level 6 of the Dungeon.
You worshipped Trog.
Trog was aware of your devotion.
You were a hulking beast.
You visited 2 branches of the dungeon, and saw 7 of its levels.

You collected 274 gold pieces.

Inventory:

Missiles
 f - 2 throwing nets (quivered) {!f}
Armour
 a - a +0 robe (worn)
 b - a +2 kite shield (worn)
Jewellery
 d - a ring of see invisible (left claw)
   (You found it on level 1 of the Dungeon)
 g - an amulet of faith (around neck)
   (You found it on level 1 of the Dungeon)
 m - a ring of resist corrosion (right claw)
   (You found it on level 3 of the Dungeon)
Wands
 s - a wand of charming (15)
   (You found it on level 4 of the Dungeon)
Scrolls
 h - a scroll of enchant weapon {unknown}
 i - a scroll of fog {unknown}
 k - a scroll of identify {unknown}
 n - a scroll of vulnerability {unknown}
 o - a scroll of acquirement {unknown}
 p - a scroll of summoning {unknown}
 q - a scroll of brand weapon {unknown}
 r - a scroll of revelation {@r5 !r}
 t - a scroll of immolation
 v - a scroll of poison {!r}
 y - a scroll of teleportation {unknown}
 z - a scroll of blinking {unknown}
Potions
 c - a potion of might {@q3 !q}
 e - a potion of brilliance {unknown}
 j - 2 potions of berserk rage
 l - 2 potions of attraction
 u - a potion of cancellation
 x - a potion of lignification {unknown}


   Skills:
 + Level 4.9 Fighting
 - Level 2.4 Dodging
 + Level 5.0 Shields
 * Level 7.6 Unarmed Combat


You had 7 spell levels left.
You didn't know any spells.
Your spell library contained the following spells:

 Spells                   Type           Power      Damage    Failure   Level
 Lesser Beckoning         Tloc           0%         N/A       77%         2
 Dazzling Flash           Conj/Hex       0%         N/A       94%         3
 Gell's Gravitas          Tloc           0%         N/A       94%         3
 Teleport Other           Tloc           0%         N/A       94%         3
 Volatile Blastmotes      Fire/Tloc      0%         2d10      94%         3
 Starburst                Conj/Fire      0%         6d3       100%        6
 Maxwell's Capacitive Co  Air            0%         ∞         100%        8


Dungeon Overview and Level Annotations

Branches:
Dungeon (6/15) Zot: 26708  Temple (1/1) D:4 Zot: 5938

Altars:
Ashenzari
Cheibriados
Dithmenos
Elyvilon
Fedhas
Gozag
Hepliaklqana
Kikubaaqudgha
Makhleb
Nemelex Xobeh
Okawaru
Qazlal
Ru
Sif Muna
Trog
Uskayaw
Vehumet
Wu Jian
Xom
Zin
The Shining One


Innate Abilities, Weirdness & Mutations

You are a hulking beast.
Your limbs bulge with bestial killing power. (Slay +0)
You are too large for most types of armour.
You have claws for hands.
Your natural rate of healing is unusually fast.
You are covered in fur. (AC +1)
You have tough skin. (AC +1)
Your mind is acute. (Int +4, Str/Dex -1)
You occasionally lose the ability to drink potions when taking damage.


Message History

You mangle the orc wizard!!
You kill the orc wizard!
Trog accepts your kill.
Trog appreciates your killing of a magic user.
The orc closely misses you.
You claw the orc!
You kill the orc!
Trog accepts your kill. The orc hits you with a +0 club.
The killer bee stings you.
You miss the killer bee. You block the killer bee's attack.
The orc hits you but does no damage. The killer bee stings you. x2
You barely miss the killer bee. You block the killer bee's attack. x2
You block the orc's attack.
You miss the killer bee. You block the killer bee's attack. x3
The killer bee barely misses you. The orc hits you but does no damage.
You claw the killer bee!
The killer bee is severely wounded.
The killer bee stings you but does no damage.
The killer bee stings you. You block the killer bee's attack.
The killer bee stings you but does no damage.
You block the orc's attack.
You closely miss the killer bee.
The killer bee is severely wounded.
You block the killer bee's attack. x2; The killer bee stings you.
You block the killer bee's attack. The orc hits you but does no damage.
You mangle the killer bee!!
You kill the killer bee!
Trog accepts your kill. The killer bee stings you.
The killer bee barely misses you.
The killer bee stings you but does no damage.
You block the orc's attack.
You mangle the killer bee!!
You kill the killer bee!
Trog accepts your kill. The killer bee stings you.
You are poisoned.
The killer bee poisons you! The killer bee misses you.
You block the orc's attack.
You miss the killer bee.
You feel sick. The killer bee barely misses you.
You block the killer bee's attack. The orc hits you with a +0 club.
You closely miss the killer bee.
You feel sick.
You block the killer bee's attack. x2; You block the orc's attack.
You are too injured to fight recklessly!
You are too injured to fight recklessly!
You feel sick.
The killer bee attacks as it pursues you!
The killer bee barely misses you. You block the killer bee's attack.
You feel sick.
The killer bee stings you but does no damage.
You block the killer bee's attack.
The killer bee stings you but does no damage.
You feel sick. You block the killer bee's attack. x2
You closely miss the killer bee.
You feel sick.
The killer bee closely misses you. x2; You block the killer bee's attack.
The killer bee stings you.
You are more poisoned.
The killer bee poisons you!
You closely miss the killer bee.
You feel very sick. The killer bee stings you. x2
You are more poisoned.
The killer bee poisons you! You block the killer bee's attack.
The killer bee stings you.
You are more poisoned.
The killer bee poisons you!
You miss the killer bee.
You feel very sick.
You block the killer bee's attack. x2; The killer bee stings you.
You are more poisoned.
The killer bee poisons you! You block the killer bee's attack.
You mangle the killer bee!!
You kill the killer bee!
Trog accepts your kill.
You feel very sick. The killer bee barely misses you.
The killer bee stings you but does no damage.
Your Shields skill increases to level 5!
You barely miss the killer bee.
You feel very sick.
The killer bee stings you but does no damage.
You block the killer bee's attack.
You completely miss the killer bee.
You feel very sick. The killer bee barely misses you.
The killer bee stings you.
* * * LOW HITPOINT WARNING * * *
It was a potion of cancellation.
You feel magically purged.
You feel very sick. The killer bee stings you.
* * * LOW HITPOINT WARNING * * *
The killer bee misses you.
It was a potion of ambrosia.
You are confused.
You feel invigorated.
* * * LOW HITPOINT WARNING * * *
You feel very sick. The killer bee stings you.
* * * LOW HITPOINT WARNING * * *
You are more poisoned.
The killer bee poisons you! The killer bee stings you.
You die...

... ... ....... ..#. #.#
)...... #...##.##.......
................
.....(.......... #
#....†#†......
.#.######o..)...... .#
........#y##....... #
#.....h†......... #
#####'####...#!#.
#.......#.....#
###.......#......
###.#.......#.......
########...).......+.......
.........###.......#
########## #.......#
#.......#


You could see a killer bee and an orc.

Vanquished Creatures
  A black bear (D:5)
  An ice beast (D:6)
  An ogre (D:5)
  A phantom (D:6)
  A scorpion (D:4)
  3 killer bees (D:6)
  A howler monkey (D:5)
  2 bombardier beetles (D:3)
  2 hounds
  An orc priest (D:2)
  3 jellies
  2 sleepcaps
  Jessica (D:2)
  4 orc wizards
  Ijyb (D:4)
  An iguana (D:5)
  Robin (D:4)
  4 gnolls (D:2)
  6 adders
  A white imp (D:5)
  2 dart slugs (D:3)
  2 ribbon worms
  9 orcs
  7 endoplasms
  4 giant cockroaches
  4 goblins
  14 hobgoblins
  5 jackals
  9 kobolds
  6 quokkas
  6 ball pythons
  6 bats
  4 frilled lizards
  6 rats
122 creatures vanquished.

Notes
Turn   | Place    | Note
-------+----------+-------------------------------------------
     0 | D:1      | EnegeticOcto the Troll Fighter began the quest for the Orb.
     0 | D:1      | Reached XP level 1. HP: 22/22 MP: 0/0
   283 | D:1      | Reached XP level 2. HP: 29/29 MP: 1/1
   904 | D:2      | Reached skill level 3 in Unarmed Combat
   951 | D:2      | Reached XP level 3. HP: 32/36 MP: 2/2
   956 | D:2      | Reached skill level 3 in Fighting
  1219 | D:2      | Reached XP level 4. HP: 45/45 MP: 3/3
  1229 | D:2      | Reached skill level 4 in Unarmed Combat
  1242 | D:2      | Reached skill level 3 in Shields
  1480 | D:2      | Noticed Jessica
  1486 | D:2      | Killed Jessica
  1487 | D:2      | Reached XP level 5. HP: 53/53 MP: 4/4
  1591 | D:3      | Found a sacrificial altar of Ru.
  2054 | D:3      | Reached XP level 6. HP: 55/61 MP: 5/5
  2200 | D:3      | Reached skill level 5 in Unarmed Combat
  2490 | D:4      | Noticed Ijyb
  2491 | D:4      | Noticed Robin
  2506 | D:4      | Killed Robin
  2538 | D:4      | Killed Ijyb
  2625 | D:4      | Found a staircase to the Ecumenical Temple.
  2646 | Temple   | Entered the Ecumenical Temple
  2682 | Temple   | Became a worshipper of Trog the Wrathful
  2812 | D:4      | Found an iron altar of Okawaru.
  3046 | D:4      | Reached skill level 4 in Fighting
  3046 | D:4      | Reached XP level 7. HP: 68/70 MP: 6/6
  3078 | D:5      | Entered Level 5 of the Dungeon
  3202 | D:5      | Reached skill level 4 in Shields
  3208 | D:5      | Reached skill level 6 in Unarmed Combat
  3386 | D:5      | Gained mutation: You occasionally lose the ability to drink
                  | potions when taking damage. [potion of mutation]
  3386 | D:5      | Gained mutation: You are somewhat resistant to further
                  | mutation. [potion of mutation]
  3386 | D:5      | Gained mutation: Your body sometimes deteriorates upon
                  | taking damage. [potion of mutation]
  3386 | D:5      | Gained mutation: You have large cloven feet. [potion of
                  | mutation]
  3388 | D:5      | Lost mutation: Your body sometimes deteriorates upon taking
                  | damage. [potion of mutation]
  3388 | D:5      | Lost mutation: You have large cloven feet. [potion of
                  | mutation]
  3388 | D:5      | Lost mutation: You are somewhat resistant to further
                  | mutation. [potion of mutation]
  3388 | D:5      | Gained mutation: Your magical capacity is low. (-10% MP)
                  | [potion of mutation]
  3388 | D:5      | Lost mutation: Your magical capacity is low. (-10% MP)
                  | [potion of mutation]
  3388 | D:5      | Gained mutation: Your mind is acute. (Int +4, Str/Dex -1)
                  | [potion of mutation]
  3558 | D:5      | Reached * piety under Trog
  3956 | D:6      | Reached skill level 7 in Unarmed Combat
  4105 | D:6      | Reached XP level 8. HP: 63/79 MP: 7/7
  4152 | D:6      | Reached skill level 5 in Shields
  4155 | D:6      | HP: 2/79 [killer bee (3)]
  4155 | D:6      | Slain by a killer bee

Illustrated notes

Levels and vault maps discovered:
D:1:      roderic_octagonal_star, layout_loops_corners, st_stairs_12
D:2:      layout_loops_ring, uniq_jessica
D:3:      layout_basic, nicolae_ru_awakened_eye, minmay_door_square,
          chequers_serial_rivers_small_b, minmay_mini_jars
D:4:      minmay_door_path, layout_rooms, mainiacjoe_overflow_cross_hatched,
          minmay_temple_entry_large_hall, hex_large, nicolae_goblin_pals
D:5:      layout_loops_ring
D:6:      layout_rooms, serial_corexii_hall, chequers_hall_statues_y,
          corexii_hall_statues_t, nicolae_concentric_dashed_squares_wild,
          kennysheep_generic_room_8
Temple:   nicolae_temple_bog_church

Skill      XL: |  1  2  3  4  5  6  7  8 |
---------------+-------------------------+-----
Unarmed Combat | 3 4 5 7 |  7.6
Fighting       | 3 4 |  4.9
Shields        | 3 4 5 |  5.0
Dodging        | |  2.4

Action                     |  1- 3 |  4- 6 |  7- 9 || total
---------------------------+-------+-------+-------++-------
  Melee: Unarmed           |    82 |   195 |   104 ||   381
    Use: Scroll            |       |     5 |       ||     5
         Potion            |       |       |     6 ||     6
   Stab: Sleeping          |     1 |     1 |     1 ||     3
 Armour: Robe              |    53 |    71 |    68 ||   192
  Dodge: Dodged            |    26 |    46 |    32 ||   104
  Block: Kite shield       |    26 |    50 |    69 ||   145
   Form: Beast             |       |     1 |       ||     1

Table legend:
 A = Kills in this place as a percentage of kills in the entire game.
 B = Kills by you in this place as a percentage of kills by you in the entire game.
 C = Kills by friends in this place as a percentage of kills by friends in the entire game.
 D = Other kills in this place as a percentage of other kills in the entire game.
 E = Experience gained in this place as a percentage of experience gained in the entire game.
 F = Experience gained in this place divided by the number of levels of this place that you have seen.
                   A       B       C       D       E      F
               +-------+-------+-------+-------+-------+----------------------
         Total | 100.0 | 100.0 |   N/A |   N/A | 100.0 | 264.6
       Dungeon | 100.0 | 100.0 |   N/A |   N/A | 100.0 | 308.7
               +-------+-------+-------+-------+-------+----------------------

Table legend: (Time is in decaauts)
 A = Elapsed time spent in this place.
 B = Non-inter-level travel time spent in this place.
 C = Inter-level travel time spent in this place.
 D = Time resting spent in this place.
 E = Time spent auto-exploring this place.
 F = Levels seen in this place.
 G = Mean time per level.
                   A        B        C        D        E       F      G
               +--------+--------+--------+--------+--------+-----+--------+
         Total |   4173 |   4081 |     92 |     40 |   3178 |   7 |  596.1 |
       Dungeon |   4111 |   4043 |     68 |     40 |   3178 |   6 |  685.2 |
        Temple |     61 |     37 |     24 |      0 |      0 |   1 |   61.0 |
               +--------+--------+--------+--------+--------+-----+--------+

Top non-repeatable levels by time:
     D:1: 899 daAuts
     D:3: 851 daAuts
     D:5: 796 daAuts
     D:4: 666 daAuts
     D:2: 608 daAuts
     D:6: 290 daAuts
  Temple: 61 daAuts
